 Dungeon Crawl Stone Soup version 0.31-a0-426-g3a05650e59 (webtiles) character file.

Game seed: 5003802838364347455

25 mopl the Slasher (level 3, -1/21 HPs)
             Began as a Tengu Warper on July 30, 2023.
             Splashed by a jelly's acid (5 damage)
             ... on level 2 of the Dungeon.
             The game lasted 00:00:58 (678 turns).

mopl the Slasher (Tengu Warper)                      Turns: 678, Time: 00:00:58

Health: -1/21      AC:  9    Str: 13    XL:     3   Next: 4%
Magic:  7/7        EV: 12    Int: 13    God:
Gold:   73         SH:  0    Dex: 13    Spells: 2/6 levels left

rFire   . . .        b - +0 dagger (venom)
rCold   . . .        (no shield)
rNeg    . . .        e - +0 leather armour
rPois   .            f - +2 hat
rElec   .            (no cloak)
rCorr   .            (no gloves)
SInv    .            (boots unavailable)
Will    .....        (no amulet)
Stlth   +            h - +4 ring of protection
HPRegen 0.23/turn    (no ring)
MPRegen 0.10/turn

%: no passive effects
@: studying Polearms
A: beak, talons 3
a: no special abilities


You were on level 2 of the Dungeon.
You visited 1 branch of the dungeon, and saw 2 of its levels.

You collected 73 gold pieces.

Inventory:

Hand Weapons
 a - a +0 falchion
 b - a +0 dagger of venom (weapon)
Missiles
 d - 7 darts of dispersal (quivered)
Armour
 e - a +0 leather armour (worn)
 f - a +2 hat (worn)
Jewellery
 h - a +4 ring of protection (left hand)
Scrolls
 c - a scroll of blinking
 g - a scroll of poison {unknown}
 j - 2 scrolls of teleportation {unknown}
Potions
 i - a potion of curing {unknown}
 k - a potion of magic {unknown}


   Skills:
 + Level 2.2 Fighting
 * Level 2.7 Long Blades
 - Level 1.0 Throwing
 + Level 1.5 Armour
 + Level 2.4 Dodging
 + Level 2.1 Spellcasting
 + Level 2.5 Translocations


You had 2 spell levels left.
You knew the following spells:

 Your Spells              Type           Power      Damage    Failure   Level
b - Lesser Beckoning      Tloc           14%        N/A       17%         2
e - Blink                 Tloc           14%        N/A       17%         2

Your spell library contained the following spells:

 Spells                   Type           Power      Damage    Failure   Level
 Teleport Other           Tloc           7%         N/A       34%         3
 Vhi's Electric Charge    Tloc/Air       8%         N/A       50%         3
 Manifold Assault         Tloc           7%         N/A       75%         4
 Arcjolt                  Conj/Air       0%         1d10      100%        5
 Maxwell's Capacitive Co  Air            0%         ∞         100%        8


Dungeon Overview and Level Annotations

Branches:
Dungeon (2/15)

Altars:


Innate Abilities, Weirdness & Mutations

You have a beak for a mouth.
You have claws for feet.


Message History

A ball python comes into view.
A ball python is nearby!
The ball python hisses angrily.
The ball python bites you but does no damage.
The ball python misses you.
You hit the ball python.
The ball python is poisoned.
Your kick misses the ball python.
The ball python is heavily wounded.
The ball python bites you. The ball python closely misses you.
You barely miss the ball python. Your kick misses the ball python.
The ball python is severely wounded.
You kill the ball python!
No target in view!
No target in view!
No target in view!
No target in view!
No target in view!
Found a dagger.
Found a stone staircase leading down.
HP restored.
There is a stone staircase leading down here.
You see here a +0 dagger.
You now have 62 gold pieces (gained 9).
You now have 73 gold pieces (gained 11).
A jelly comes into view.
The jelly quivers.
Found 9 gold pieces.
The jelly closely misses you.
You hit the jelly.
Your hands burn!
The jelly is lightly wounded.
The jelly barely misses you.
You hit the jelly.
Your hands burn!
You peck the jelly.
The jelly is heavily wounded.
The jelly hits you.
You are splashed with acid!
* * * LOW HITPOINT WARNING * * *
You are too injured to fight recklessly!
You are too injured to fight recklessly!
You barely miss the jelly. You claw the jelly.
The jelly is severely wounded.
The jelly closely misses you.
You hit the jelly but do no damage.
Your hands burn!
You die...

###
#########.#
$.....J@..#
#########.#
#.# #.# #.#
#.# #.# #.#
#.#


You could see a jelly.

Vanquished Creatures
  2 dart slugs (D:1)
  2 endoplasms
  2 giant cockroaches (D:1)
  2 goblins
  5 ball pythons
  3 bats (D:1)
  3 frilled lizards (D:1)
  2 kobolds (D:1)
21 creatures vanquished.

Notes
Turn   | Place    | Note
-------+----------+-------------------------------------------
     0 | D:1      | mopl the Tengu Warper began the quest for the Orb.
     0 | D:1      | Reached XP level 1. HP: 12/12 MP: 4/4
   189 | D:1      | Reached XP level 2. HP: 7/17 MP: 6/6
   627 | D:2      | Reached XP level 3. HP: 17/21 MP: 7/7
   630 | D:2      | Learned a level 2 spell: Blink
   633 | D:2      | Learned a level 2 spell: Lesser Beckoning
   678 | D:2      | Splashed by a jelly's acid

Illustrated notes

Levels and vault maps discovered:
D:1:      lemuel_arrival_muddy, layout_basic
D:2:      layout_basic, uniq_crazy_yiuf_cottage

Action                     || total
---------------------------++-------
  Melee: Dagger            ||    49
         Kick              ||    12
         Peck              ||     5
         Falchion          ||     1
 Armour: Leather armour    ||    15
  Dodge: Dodged            ||    36

Table legend: (Time is in decaauts)
 A = Elapsed time spent in this place.
 B = Non-inter-level travel time spent in this place.
 C = Inter-level travel time spent in this place.
 D = Time resting spent in this place.
 E = Time spent auto-exploring this place.
 F = Levels seen in this place.
 G = Mean time per level.
                   A        B        C        D        E       F      G
               +--------+--------+--------+--------+--------+-----+--------+
         Total |    677 |    647 |     30 |     44 |    472 |   2 |  338.5 |
       Dungeon |    677 |    647 |     30 |     44 |    472 |   2 |  338.5 |
               +--------+--------+--------+--------+--------+-----+--------+

Top non-repeatable levels by time:
     D:1: 502 daAuts
     D:2: 174 daAuts
